 Dungeon Crawl Stone Soup version 0.28.0-53-g5a82cb258f (webtiles) character file.

Game seed: 12839594006139526430

471 GigaChad the Slasher (level 6, -3/52 HPs)
             Began as a Minotaur Gladiator on Aug 22, 2022.
             Was an Initiate of Gozag.
             Killed by divine providence
             ... invoked by an orc priest
              (8 damage)
             ... on level 5 of the Dungeon.
             The game lasted 00:07:57 (3956 turns).

GigaChad the Slasher (Minotaur Gladiator)           Turns: 3956, Time: 00:07:57

Health: -3/52      AC:  6    Str: 19    XL:     6   Next: 83%
Magic:  5/5        EV: 11    Int:  5    God:    Gozag
Gold:   444        SH:  0    Dex: 13    Spells: 5/5 levels left

rFire   . . .      SeeInvis .   a - +1 long sword
rCold   . . .      Faith    .   (no shield)
rNeg    . . .      Spirit   .   p - +0 scale mail
rPois   .          Reflect  .   c - +0 hat
rElec   .          Harm     .   (no cloak)
rCorr   +          Rampage  .   (no gloves)
Will    .....                   (no boots)
Stlth   ..........              (no amulet)
HPRegen 0.17/turn               o - ring of resist corrosion
MPRegen 0.09/turn               (no ring)

@: gold aura
A: horns 2, retaliatory headbutt
a: Renounce Religion, Potion Petition, Call Merchant, Bribe Branch


You were on level 5 of the Dungeon.
You worshipped Gozag.
Gozag was aware of your devotion.
You visited 1 branch of the dungeon, and saw 5 of its levels.

You collected 444 gold pieces.

Inventory:

Hand Weapons
 a - a +1 long sword (weapon)
Missiles
 d - 3 throwing nets (quivered)
 f - 5 poisoned darts
Armour
 b - a +0 leather armour
 c - a +0 hat (worn)
 j - a +0 ring mail
 p - a +0 scale mail (worn)
Jewellery
 o - a ring of resist corrosion (left hand)
Scrolls
 e - 2 scrolls of identify
 g - a scroll of fear
 h - a scroll of fog
 l - 2 scrolls of blinking
Potions
 i - a potion of cancellation {unknown}
 k - a potion of resistance {unknown}
 n - a potion of flight {unknown}


   Skills:
 + Level 3.6 Fighting
 + Level 6.9 Long Blades
 + Level 2.2 Throwing
 + Level 3.4 Armour
 + Level 4.4 Dodging
 + Level 1.2 Stealth


You had 5 spell levels left.
You didn't know any spells.
Your spell library was empty.

Dungeon Overview and Level Annotations

Branches:
Dungeon (5/15)
 Temple: D:4-7

Altars:
Gozag
Hepliaklqana


Innate Abilities, Weirdness & Mutations

You have a pair of horns on your head.
You reflexively headbutt those who attack you in melee.


Message History

* * * LOW HITPOINT WARNING * * *
The shadow slips into darkness.
The shadow flickers and vanishes!
Deactivating autopickup; reactivate with Ctrl-A.
You closely miss something. The orc hits you but does no damage.
The shadow strikes at you from the darkness!
* * * LOW HITPOINT WARNING * * *
Reactivating autopickup.
The orc hits you but does no damage.
You slash the shadow!
You destroy the shadow!
The orc hits you but does no damage.
Your Armour skill increases to level 3!
Your Stealth skill increases to level 1!
The orc hits you with a +0 trident.
* * * LOW HITPOINT WARNING * * *
You see here 7 gold pieces.
You slash the orc!
You kill the orc!
You barely miss the orc. The orc hits you with a +0 mace.
* * * LOW HITPOINT WARNING * * *
You barely miss the orc. You headbutt the orc, but do no damage.
The orc barely misses you.
You hit the orc.
The orc is severely wounded.
The orc hits you with a +0 mace.
* * * LOW HITPOINT WARNING * * *
You barely miss the orc.
The orc is severely wounded.
The orc hits you but does no damage.
You hit the orc but do no damage.
The orc is severely wounded.
The orc hits you but does no damage.
The orc priest casts a cantrip, but nothing happens.
You slash the orc!
You kill the orc!
The orc priest invokes the aid of Beogh against you.
Beogh smites you!
You die...
Your body crumbles into a pile of gold.

#.# *,***,,,***,,,,
#.# #..,,...,,,,,,,
#.# #.###...**,,*,*
#.# #.......,,,,,,,
#.# #......,,,,,,,,
#<# #....#,***,,**,
##.###...,,,* *,,***
#...##.#**,** *,,*
#.#@$o.# *,* *,,*
#...##.#**,* *,,*
######...o#****,,***
#.##.....,,,,,,
#..,,....,,$***
###***###,*,* *,*,*
*,*,** *,>,,*


You could see an orc priest.

Vanquished Creatures
  A shadow (D:5)
  A phantom (D:4)
  3 orc priests (D:4)
  An orc wizard (D:4)
  3 adders
  2 worms (D:3)
  3 dart slugs
  9 orcs
  4 endoplasms
  6 giant cockroaches
  6 goblins
  8 hobgoblins
  6 jackals
  5 quokkas
  A ball python (D:1)
  9 bats
  3 frilled lizards
  2 kobolds
  A quokka skeleton (D:4)
  8 rats
82 creatures vanquished.

Vanquished Creatures (others)
  A plant (D:1)
1 creature vanquished.

Grand Total: 83 creatures vanquished

Notes
Turn   | Place    | Note
-------+----------+-------------------------------------------
     0 | D:1      | GigaChad the Minotaur Gladiator began the quest for the
                  | Orb.
     0 | D:1      | Reached XP level 1. HP: 18/18 MP: 0/0
   119 | D:1      | Reached XP level 2. HP: 18/25 MP: 1/1
   188 | D:1      | Reached skill level 4 in Long Blades
   459 | D:1      | Reached XP level 3. HP: 28/30 MP: 2/2
   487 | D:1      | Found a faded altar of an unknown god.
   495 | D:1      | Prayed at the altar of an unknown god.
   495 | D:1      | Became a worshipper of Gozag Ym Sagoz the Greedy
  1452 | D:3      | Reached skill level 1 in Armour
  1452 | D:3      | Reached XP level 4. HP: 29/38 MP: 3/3
  1873 | D:3      | Reached skill level 5 in Long Blades
  2692 | D:4      | Found a hazy altar of Hepliaklqana.
  2771 | D:4      | Noticed a phantom
  2777 | D:4      | Killed a phantom
  2778 | D:4      | Reached XP level 5. HP: 41/45 MP: 4/4
  2796 | D:4      | Reached skill level 6 in Long Blades
  3462 | D:4      | Reached XP level 6. HP: 51/51 MP: 5/5
  3926 | D:5      | Entered Level 5 of the Dungeon
  3933 | D:5      | Noticed a shadow
  3947 | D:5      | Killed a shadow
  3948 | D:5      | Reached skill level 1 in Stealth
  3956 | D:5      | Killed from afar by an orc priest

Illustrated notes

Levels and vault maps discovered:
D:1:      giann_bridges, layout_rooms, dilly_ecumenical_altar_fadedgnrine
D:2:      layout_basic
D:3:      layout_loops_ring, grunt_ministairs_12, kennysheep_pointless_box,
          kennysheep_nondescript, small_statue_intersection
D:4:      layout_basic, worldfamousw_hep_ancestral_shrine
D:5:      layout_loops_ring, mainiacjoe_overflow_alcove_4, old_standard_altar,
          enter_ossuary_5

Skill      XL: |  1  2  3  4  5  6 |
---------------+-------------------+-----
Long Blades    | 4 5 6 |  6.9
Fighting       | 3 |  3.6
Armour         | 1 2 3 |  3.4
Dodging        | 4 |  4.4
Stealth        | 1 |  1.2
Throwing       | |  2.2

Action                   |  1- 3 |  4- 6 || total
-------------------------+-------+-------++-------
Melee: Long sword        |    80 |    89 ||   169
       Headbutt          |    16 |    14 ||    30
       Punch             |       |     2 ||     2
  Use: Scroll            |     2 |     6 ||     8
 Stab: Distracted        |       |     1 ||     1
Armor: Leather armour    |    32 |       ||    32
       Ring mail         |     3 |    18 ||    21
       Scale mail        |       |    20 ||    20
Dodge: Dodged            |    92 |    57 ||   149
